 Dungeon Crawl Stone Soup version 0.29.1-15-g9cfb28693d (webtiles) character file.

Game seed: 1982548138874815080

713 Peloso the Slasher (level 7, -3/61 HPs)
             Began as a Minotaur Fighter on Apr 22, 2023.
             Was an Initiate of Okawaru.
             Slain by a steam dragon (4 damage)
             ... on level 6 of the Dungeon.
             The game lasted 00:07:58 (5060 turns).

Peloso the Slasher (Minotaur Fighter)               Turns: 5060, Time: 00:07:58

Health: -3/61      AC: 12    Str: 20    XL:     7   Next: 41%
Magic:  6/6        EV:  6    Int:  5    God:    Okawaru [......]
Gold:   314        SH:  5    Dex: 12    Spells: 6/6 levels left

rFire   . . .      SeeInvis .   a - +1 long sword
rCold   . . .      Faith    .   d - +0 buckler
rNeg    . . .      Spirit   .   C - +0 plate armour
rPois   .          Reflect  .   (helmet restricted)
rElec   .          Harm     .   (no cloak)
rCorr   .          Rampage  .   (no gloves)
Will    .....                   (no boots)
Stlth   ..........              (no amulet)
HPRegen 0.20/turn               (no ring)
MPRegen 0.10/turn               (no ring)

@: no status effects
A: horns 2, retaliatory headbutt
a: Renounce Religion


You were on level 6 of the Dungeon.
You worshipped Okawaru.
Okawaru was noncommittal.
You visited 2 branches of the dungeon, and saw 7 of its levels.

You collected 314 gold pieces.

Inventory:

Hand Weapons
 a - a +1 long sword (weapon)
Armour
 b - a +0 scale mail
 c - a +0 chain mail
 d - a +0 buckler (worn)
 C - a +0 plate armour (worn)
Jewellery
 n - a ring of see invisible
 z - a ring of fire
Wands
 i - a wand of paralysis (7)
 p - a wand of quicksilver (8)
 w - a wand of mindburst (7)
Scrolls
 g - 2 scrolls of amnesia {unknown}
 k - 3 scrolls of blinking
 m - a scroll of poison
 r - 4 scrolls of teleportation {unknown}
 s - 2 scrolls of immolation {unknown}
 v - 3 scrolls of identify
 y - a scroll of enchant weapon
 B - a scroll of summoning {unknown}
 D - a scroll of magic mapping {unknown}
 E - a scroll of fear {unknown}
 F - a scroll of torment {unknown}
Potions
 e - a potion of ambrosia
 f - 3 potions of heal wounds
 h - 2 potions of invisibility {unknown}
 j - a potion of resistance {unknown}
 l - 2 potions of degeneration {unknown}
 o - 2 potions of curing {unknown}
 q - a potion of cancellation {unknown}
 t - 2 potions of berserk rage {unknown}
 u - a potion of flight {unknown}
 x - a potion of might
 A - 2 potions of haste {unknown}


   Skills:
 + Level 5.3 Fighting
 + Level 6.6 Long Blades
 + Level 6.0 Armour
 + Level 2.1 Dodging
 + Level 0.5 Stealth
 + Level 4.9 Shields
 + Level 0.1 Evocations


You had 6 spell levels left.
You didn't know any spells.
Your spell library contained the following spells:

 Spells                   Type           Power      Damage    Failure   Level
 Confusing Touch          Hex            0%         N/A       100%        3
 Gell's Gravitas          Tloc           0%         N/A       100%        3
 Teleport Other           Tloc           0%         N/A       100%        3
 Alistair's Intoxication  Tmut/Pois      0%         N/A       100%        5
 Borgnjor's Vile Clutch   Necr/Erth      0%         N/A       100%        5
 Yara's Violent Unravell  Hex/Tmut       0%         3d3       100%        5
 Dispersal                Tloc           0%         N/A       100%        6
 Eringya's Noxious Bog    Tmut/Pois      0%         N/A       100%        6
 Enfeeble                 Hex            0%         N/A       100%        7


Dungeon Overview and Level Annotations

Branches:
Dungeon (6/15)             Temple (1/1) D:4

Altars:
Cheibriados
Fedhas
Gozag
Kikubaaqudgha
Makhleb
Nemelex Xobeh
Okawaru
Qazlal
Ru
Sif Muna
Trog
Uskayaw
Wu Jian
Xom
Zin
The Shining One


Innate Abilities, Weirdness & Mutations

You have a pair of horns on your head.
You reflexively headbutt those who attack you in melee.


Message History

A steam dragon is nearby!
A steam dragon is nearby!
A steam dragon is nearby!
The steam dragon breathes steam at you. The ball of steam hits you!
A centaur comes into view. It is quivering poisoned darts.
The centaur shouts!
You hear a shout!
An orc wizard comes into view. It is wielding a +0 dagger.
The centaur wields a +0 shortbow.
The centaur shoots an arrow.
The arrow hits you but does no damage.
An orc comes into view. It is wielding a +0 club.
The orc wizard shouts!
The centaur shoots an arrow.
The arrow hits you.
An orc priest comes into view. It is wielding a +0 dagger of venom.
You hear an angry hiss.
The centaur shoots an arrow.
The arrow completely misses you.
The centaur shoots an arrow.
The arrow hits you but does no damage.
The centaur shoots an arrow.
The arrow hits you but does no damage. The steam dragon breathes steam at you.
The ball of steam hits you.
You are engulfed in a cloud of scalding steam.
The orc wizard gestures at you while chanting.
The magic dart hits you but does no damage.
The steam dragon bites you but does no damage.
The steam dragon claws you but does no damage.
Unknown command.
You barely miss the steam dragon.
The centaur shoots an arrow.
The arrow hits you. The steam dragon breathes steam at you.
The ball of steam hits you!!
* * * LOW HITPOINT WARNING * * *
You hit the steam dragon but do no damage.
You headbutt the steam dragon!
The steam dragon is moderately wounded.
You are engulfed in a cloud of scalding steam.
* * * LOW HITPOINT WARNING * * *
The steam dragon bites you.
* * * LOW HITPOINT WARNING * * *
The steam dragon claws you.
You die...

#.# .. ... ...###
##........ .....#
#...8.8.8. #....##
#.#....... ......###
#.#...8.8. ...#....##
####.........
..##.....###......8.8.8.
..##..#........D........
....#.#........#@.§.#.
...........#..##.§§.#.#
.....##....#..#..§§...#
....##...##......##.....
..........#.8.....##.§..
................oc# ....
.....##..#.#.....o.. ...
.........###....#.o.....
........ #....##....


You could see a steam dragon (catching breath), a centaur, an orc priest, an orc
wizard and an orc.

Vanquished Creatures
  An ogre (D:4)
  A bullfrog (D:6)
  2 scorpions
  A jelly (D:4)
  A gnoll bouda (D:6)
  A hound (D:4)
  3 orc priests (D:4)
  2 iguanas (D:5)
  An orc wizard (D:4)
  4 gnolls (D:6)
  4 adders
  2 ufetubi (D:5)
  A worm (D:2)
  12 orcs
  5 endoplasms
  8 giant cockroaches
  10 hobgoblins
  3 jackals (D:4)
  A quokka (D:1)
  8 ball pythons
  10 bats
  5 frilled lizards
  7 goblins
  10 kobolds
  11 rats
114 creatures vanquished.

Notes
Turn   | Place    | Note
-------+----------+-------------------------------------------
     0 | D:1      | Peloso the Minotaur Fighter began the quest for the Orb.
     0 | D:1      | Reached XP level 1. HP: 19/19 MP: 0/0
   323 | D:1      | Reached XP level 2. HP: 27/27 MP: 1/1
   406 | D:1      | Found a faded altar of an unknown god.
   717 | D:1      | Reached XP level 3. HP: 33/33 MP: 2/2
  1733 | D:2      | Reached XP level 4. HP: 40/40 MP: 3/3
  1929 | D:3      | Noticed a +0 falchion
  1929 | D:3      | Noticed a +0 short sword
  1930 | D:3      | Noticed a +0 spear
  1930 | D:3      | Noticed a +0 short sword
  1930 | D:3      | Noticed a +0 spear
  1930 | D:3      | Noticed a +0 dagger
  1931 | D:3      | Noticed a +0 dagger
  1931 | D:3      | Noticed a +0 falchion
  2141 | D:3      | Found a hide-covered altar of Uskayaw.
  2637 | D:4      | Noticed a scorpion
  2659 | D:3      | Killed a scorpion
  2660 | D:3      | Reached XP level 5. HP: 21/47 MP: 4/4
  2981 | D:4      | Reached skill level 5 in Armour
  2988 | D:4      | Noticed an ogre
  3229 | D:4      | Killed an ogre
  3230 | D:4      | Reached skill level 5 in Long Blades
  3230 | D:4      | Reached XP level 6. HP: 55/55 MP: 5/5
  3237 | D:4      | Reached skill level 1 in Dodging
  3257 | D:4      | Reached skill level 5 in Fighting
  3550 | D:4      | You fall into a shaft and drop 2 floors!
  3754 | D:5      | Entered Level 5 of the Dungeon
  3851 | D:5      | Reached XP level 7. HP: 51/61 MP: 6/6
  4092 | D:4      | Found a staircase to the Ecumenical Temple.
  4290 | D:4      | Found a shimmering altar of Xom.
  4339 | Temple   | Entered the Ecumenical Temple
  4358 | Temple   | Became a worshipper of Warmaster Okawaru
  4811 | D:6      | Found a stormy altar of Qazlal.
  4817 | D:6      | Found a blossoming altar of Fedhas.
  5050 | D:6      | Noticed a steam dragon
  5060 | D:6      | HP: 1/61 [steam dragon (4)]
  5060 | D:6      | Slain by a steam dragon

Illustrated notes

Levels and vault maps discovered:
D:1:      sevenhm_arrival_forest_fort_small_5, layout_basic,
          ebering_ecumenical_altar_mist
D:2:      minmay_spotlight, layout_basic, chequers_serial_rivers_marsh,
          chequers_arboretum
D:3:      layout_basic, nicolae_uskayaw_en_pointe, minmay_door_square,
          small_statue_intersection, dreamdust_princess_bridge
D:4:      layout_cave_pools, lemuel_coloured_pillars_altar,
          minmay_temple_entry_drinking_statues
D:5:      layout_rooms
D:6:      layout_cave_pools, grunt_temple_overflow_forces_of_nature,
          vehumet_altar_wand_db, serial_column_ruins,
          column_ruins_circle_medium, column_ruins_open_tiny,
          column_ruins_grid_3, column_ruins_grid_1, column_ruins_grid_4,
          column_ruins_grid_3, column_ruins_open_medium
Temple:   hellmonk_temple_two_chambers

Skill      XL: |  1  2  3  4  5  6  7 |
---------------+----------------------+-----
Armour         | 4 5 6 |  6.0
Fighting       | 4 5 |  5.3
Shields        | 4 |  4.9
Long Blades    | 3 4 5 6 |  6.6
Dodging        | 1 2 |  2.1
Stealth        | |  0.5
Evocations     | |  0.1

Action                   |  1- 3 |  4- 6 |  7- 9 || total
-------------------------+-------+-------+-------++-------
Melee: Long sword        |   113 |   123 |    45 ||   281
       Headbutt          |    12 |    14 |     6 ||    32
Evoke: Wand              |       |     2 |       ||     2
  Use: Scroll            |     4 |     3 |       ||     7
       Potion            |       |     2 |       ||     2
Armor: Scale mail        |    45 |    44 |     2 ||    91
       Plate armour      |       |       |    19 ||    19
       Chain mail        |       |       |     3 ||     3
Dodge: Dodged            |    65 |    59 |    23 ||   147
Block: Buckler           |    24 |    35 |    12 ||    71
